 Dungeon Crawl Stone Soup version 0.30-a0-242-g7bf8e6d787 (webtiles) character file.

Game seed: 3847531614486938926

12 night the Caller (level 2, -3/13 HPs)
             Began as a Vine Stalker Summoner on Oct 11, 2022.
             Slain by a kobold
             ... wielding a +0 short sword of holy wrath
              (4 damage)
             ... on level 1 of the Dungeon.
             The game lasted 00:02:24 (277 turns).

night the Caller (Vine Stalker Summoner)             Turns: 277, Time: 00:02:25

Health: -3/13      AC:  2    Str: 10    XL:     2   Next: 33%
Magic:  0/6        EV: 12    Int: 15    God:
Gold:   20         SH:  0    Dex: 14    Spells: 3/6 levels left

rFire   . . .      SeeInvis .    (no weapon)
rCold   . . .      Faith    .    (no shield)
rNeg    . . .      Spirit   +    a - +0 robe
rPois   .          Reflect  .    (no helmet)
rElec   .          Harm     .    (no cloak)
rCorr   .          Rampage  .    (no gloves)
Will    .....      Rage     3%   (no boots)
Stlth   ++........               (no amulet)
HPRegen 0.22/turn                (no ring)
MPRegen 0.10/turn                (no ring)

@: no status effects
A: fangs 2, magic shield, antimagic bite, no potion heal 2, berserk 1, wild
magic 1
a: no special abilities


You were on level 1 of the Dungeon.
You visited 1 branch of the dungeon, and saw 1 of its levels.

You collected 20 gold pieces.

Inventory:

Hand Weapons
 d - a +2 short sword of holy wrath
Missiles
 e - 2 stones
 f - 4 poisoned darts
Armour
 a - a +0 robe (worn)


   Skills:
 + Level 0.8 Polearms
 - Level 1.5 Dodging
 - Level 2.4 Stealth
 + Level 2.5 Spellcasting
 + Level 4.1 Summonings


You had 3 spell levels left.
You knew the following spells:

 Your Spells              Type           Power      Damage    Failure   Level
a - Summon Small Mammal   Summ           72%        N/A       6%          1
b - Call Imp              Summ           18%        N/A       10%         2

Your spell library contained the following spells:

 Spells                   Type           Power      Damage    Failure   Level
 Call Canine Familiar     Summ           18%        N/A       17%         3
 Summon Guardian Golem    Hex/Summ       10%        N/A       34%         3
 Summon Lightning Spire   Summ/Air       10%        N/A       73%         4


Dungeon Overview and Level Annotations

Branches:
Dungeon (1/15)

Altars:


Innate Abilities, Weirdness & Mutations

You have extremely sharp teeth.
When hurt, damage is shared between your health and your magic reserves.
Your bite disrupts and absorbs the magic of your enemies.
Potions cannot restore your health.
You sometimes lose your temper in combat.
Your spells are a little harder to cast, but a little more powerful.


Message History

The stone hits the quokka but does no damage.
You barely miss the quokka. The quokka bites you.
Your rat closely misses the quokka.
The endoplasm barely misses your rat. The quokka barely misses you.
The kobold hits your rat with a +0 short sword of holy wrath.
Your rat dies!
Your rat's corpse disappears in a puff of smoke!
You hit the quokka but do no damage. Your bite misses the quokka.
The quokka bites you.
* * * LOW HITPOINT WARNING * * *
You closely miss the quokka. You bite the quokka.
You kill the quokka!
Magic courses through your body. The endoplasm freezes you.
You are frozen.
* * * LOW HITPOINT WARNING * * *
Your magical contamination has completely faded away.
Casting: Summon Small Mammal (safe; 3% risk of failure)
Confirm with . or Enter, or press ? or * to list all spells.
A beastly little devil appears in a puff of frigid air.
The endoplasm misses you.
Unknown command.
You swap places.
The endoplasm barely misses your white imp.
Your white imp hits the endoplasm.
Your white imp freezes the endoplasm.
The endoplasm dies!
Your white imp barely misses the kobold.
The kobold hits your white imp with a +0 short sword of holy wrath.
Your white imp convulses!
Your white imp dies!
Your white imp disappears in a puff of smoke!
You aren't carrying any items that you can evoke.
It was a potion of mutation.
You feel extremely strange.
You feel a little pissed off.
You feel less in control of your magic.
You hit the kobold but do no damage. You bite the kobold, but do no damage.
The kobold hits you with a +0 short sword of holy wrath.
* * * LOW HITPOINT WARNING * * *
You barely miss the kobold. You bite the kobold, but do no damage.
The kobold hits you with a +0 short sword of holy wrath.
You die...

........5.......#.#
###.#####.###.....#
# #..#.......)..#
#..#..######.##
#.#.....######.# ##
#.#...#.K†..##.#
..#.#.#...###.##.#
###.#.#...#.#
#K##.#
....#.#...###
#@##.# #..........#
#....#
##.##.#.###.#
###### #.......#
... ##....### ###
##..######
...........
.##......#.
###......#


You could see a kobold.

Vanquished Creatures
  A ball python (D:1)
  2 giant cockroaches (D:1)
  A quokka (D:1)
  A kobold (D:1)
5 creatures vanquished.

Vanquished Creatures (collateral kills)
  2 endoplasms (D:1)
  A hobgoblin (D:1)
  A ball python (D:1)
  A bat (D:1)
  A frilled lizard (D:1)
6 creatures vanquished.

Grand Total: 11 creatures vanquished

Notes
Turn   | Place    | Note
-------+----------+-------------------------------------------
     0 | D:1      | night the Vine Stalker Summoner began the quest for the
                  | Orb.
     0 | D:1      | Reached XP level 1. HP: 9/9 MP: 4/4
   160 | D:1      | Reached XP level 2. HP: 9/13 MP: 4/6
   228 | D:1      | Learned a level 2 spell: Call Imp
   268 | D:1      | HP: 1/13 [frozen (1)]
   275 | D:1      | Gained mutation: You sometimes lose your temper in combat.
                  | [potion of mutation]
   275 | D:1      | Gained mutation: Your spells are a little harder to cast,
                  | but a little more powerful. [potion of mutation]
   276 | D:1      | HP: 1/13 [kobold/+0 short sword of holy wrath (2)]
   277 | D:1      | Slain by a kobold

Illustrated notes

Levels and vault maps discovered:
D:1:      minmay_arrival_doors, layout_basic, minmay_misc_feat_room

Action                   || total
-------------------------++-------
Melee: Unarmed           ||    32
       Bite              ||     9
 Cast: Summon Small Mamm ||    19
       Call Imp          ||     2
  Use: Potion            ||     2
Armor: Robe              ||     7
Dodge: Dodged            ||    27

Table legend: (Time is in decaauts)
 A = Elapsed time spent in this place.
 B = Non-inter-level travel time spent in this place.
 C = Inter-level travel time spent in this place.
 D = Time resting spent in this place.
 E = Time spent auto-exploring this place.
 F = Levels seen in this place.
 G = Mean time per level.
                   A        B        C        D        E       F      G
               +--------+--------+--------+--------+--------+-----+--------+
         Total |    277 |    277 |      0 |     19 |    102 |   1 |  277.0 |
       Dungeon |    277 |    277 |      0 |     19 |    102 |   1 |  277.0 |
               +--------+--------+--------+--------+--------+-----+--------+

Top non-repeatable levels by time:
     D:1: 277 daAuts
